 Dungeon Crawl Stone Soup version 0.20-a0-270-g8e735b6 (webtiles) character file.

35557 snakesoul the Bludgeoner (level 13, -8/132 HPs)
             Began as a Gargoyle Berserker on Dec 10, 2016.
             Was a High Priest of Trog.
             Mangled by a death yak (11 damage)
             ... on level 4 of the Lair of Beasts.
             The game lasted 00:41:49 (18870 turns).

snakesoul the Bludgeoner (Gargoyle Berserker)      Turns: 18870, Time: 00:41:50

Health: -8/132     AC: 27    Str: 28    XL:     13   Next: 84%
Magic:  11/11      EV:  8    Int:  7    God:    Trog [*****.]
Gold:   969        SH:  0    Dex: 15    Spells: 12/12 levels left

rFire  + . .     SeeInvis +     W - +5 dire flail (vamp)
rCold  . . .     Gourm    +     K - +0 plate armour
rNeg   + . .     Faith    .     (shield currently unavailable)
rPois  ∞         Spirit   .     s - +1 hat {SInv}
rElec  +         Reflect  .     t - +0 cloak
rCorr  .         Harm     .     k - +0 pair of gloves
MR     +....     Clarity  +     (no boots)
Stlth  ..........               X - amulet of the gourmand
                                Z - ring of protection from magic
                                p - ring of protection from fire

@: berserking (expiring), frozen, quick
A: thin skeletal structure 1, clarity, low mp 1, negative energy resistance 1,
electricity resistance, unbreathing, petrification resistance, rot immunity, AC
+9
a: Berserk, Trog's Hand, Brothers in Arms, Burn Spellbooks, Renounce Religion


You were on level 4 of the Lair of Beasts.
You worshipped Trog.
Trog was extremely pleased with you.
You were very full.

You visited 2 branches of the dungeon, and saw 17 of its levels.
You also visited: Labyrinth.

You collected 969 gold pieces.

Inventory:

Hand Weapons
 O - a +0 morningstar
 W - a +5 vampiric dire flail (weapon)
Missiles
 n - 8 tomahawks of returning (quivered)
 F - 9 tomahawks
Armour
 k - a +0 pair of gloves (worn)
 s - a +1 hat of see invisible (worn)
 t - a +0 cloak (worn)
 y - a +1 buckler of protection
 K - a +0 plate armour (worn)
Jewellery
 p - a ring of protection from fire (left hand)
 C - a cursed -3 ring of slaying {unknown}
 X - an amulet of the gourmand (around neck)
 Z - a ring of protection from magic (right hand)
Wands
 e - a wand of lightning (5/15)
 h - a wand of paralysis (7/24)
 l - a wand of confusion (15/48)
 x - a wand of digging (14/24)
 U - a wand of hasting (4/9)
Scrolls
 j - 5 scrolls of remove curse
 r - 10 scrolls of identify
 A - 2 scrolls of fear
 E - a scroll of fog
 L - a scroll of teleportation
 P - 3 scrolls of magic mapping
Potions
 a - a potion of agility
 b - a potion of cancellation
 d - 4 potions of curing
 g - 3 potions of might
 i - 7 potions of heal wounds
 m - 3 potions of brilliance
 q - 2 potions of resistance
 w - a potion of flight
 z - a potion of magic
 S - a potion of haste
Comestibles
 c - 11 bread rations
 f - 3 beef jerkies
 o - 8 meat rations
 u - 3 chunks of flesh
 v - 15 fruits
 B - 2 royal jellies
 H - 6 slices of pizza


   Skills:
 + Level 13.6 Fighting
 * Level 17.0 Maces & Flails
 + Level 10.0 Armour
 - Level 1.5 Dodging


You had 12 spell levels left.
You didn't know any spells.

Dungeon Overview and Level Annotations

Branches:
Dungeon (12/15)            Temple (0/1) D:5            Lair (5/6) D:8
 Shoals (0/4) Lair:2       Spider (0/4) Lair:2          Orc (0/2) D:10
  Slime: Lair:5-6

Altars:
Gozag
Qazlal
Ru
Trog
Uskayaw
Yredelemnul

Shops:
D:6 *   D:11 =*(}


Innate Abilities, Weirdness & Mutations

You are resistant to torment.
Your stone body is resilient. (AC +9)
You are immune to poison.
You resist negative energy. (rN+)
You are resistant to electric shocks. (rElec)
You can survive without breathing.
You are immune to petrification.
You are immune to rotting.
You have a somewhat thin skeletal structure. (Dex +2, Stealth)
You possess an exceptional clarity of mind.
Your magical capacity is low. (-10% MP)


Message History

The flash freeze hits you!
* * * LOW HITPOINT WARNING * * *
You are encased in ice.
Unknown command.
Unknown command.
Unknown command.
Unknown command.
You puncture the death yak!
You feel better.
The death yak is severely wounded.
The bullfrog hits you.
* * * LOW HITPOINT WARNING * * *
Unknown command.
Unknown command.
Unknown command.
Unknown command.
You sock the death yak!
The death yak is almost dead.
The rime drake bites you but does no damage.
The death yak gores you!
You die...

.............#.PPP.#...##.##.#...
.....#........<.P................
....##......#....##P....#.....#..
....##.......######....P#####.##.
.#####......## #####...####..#...
#####.....<.####.................
.................................
.................................
................@................
...............kYF...............
....[...................PP.......
.........>..............PP.##....
........P.....#..#P....PP####.###
..#...##P.##P..#####....###.#.# #
###...###.P#......#...........###
####...#..##......##....##.......
P##.......#.......##..........##.


You could see a death yak, a rime drake and a bullfrog.

Vanquished Creatures
  A minotaur (Lab)
  The ghost of Leszczynek the Transmogrifier, a journeyman NaWn of Cheibriados (D:9)
  Fannar (D:11)
  4 hydras
  Erica (Lair:2)
  A death yak (Lair:5)
  The ghost of anet the Nimble, a journeyman DEWz of Ashenzari (Lair:1)
  A skeletal warrior (D:12)
  A hill giant (D:7)
  2 phantasmal warriors (D:12)
  A necromancer (Lair:3)
  An orb spider (Lair:2)
  A manticore (D:11)
  6 elephants (Lair:4)
  An ugly thing (D:11)
  2 black mambas (Lair:2)
  Psyche (D:11)
  A torpor snail (Lair:3)
  6 spiny frogs
  A gargoyle (D:10)
  A komodo dragon (Lair:1)
  2 rime drakes
  2 minotaur zombies (Lab)
  A troll (D:11)
  A polar bear (Lair:4)
  4 hippogriffs
  3 blink frogs (Lair:3)
  2 dream sheep (D:8)
  2 wyverns
  2 wraiths (Lair:4)
  39 yaks
  A basilisk (Lair:2)
  4 hungry ghosts (D:11)
  Menkaure (D:7)
  5 water moccasins
  8 porcupines
  5 sky beasts
  Duvessa (D:5)
  3 black bears
  A phantom (D:11)
  4 orc warriors
  A necrophage (D:6)
  3 elephant zombies (Lair:3)
  4 ogres
  11 wolves
  6 crocodiles
  13 centaurs
  5 big kobolds
  Blork the orc (D:5)
  11 bullfrogs
  A komodo dragon zombie (Lair:3)
  Dowan (D:5)
  5 killer bees (D:7)
  3 scorpions
  5 howler monkeys
  5 electric eels (Lair:3)
  4 wights (D:11)
  A centaur zombie (D:6)
  4 lava snakes (Lab)
  7 crimson imps
  3 quasits
  3 bullfrog zombies
  A centaur skeleton (D:10)
  2 hounds
  13 orc priests
  Crazy Yiuf (D:5)
  3 jellies
  5 iguanas
  10 orc wizards
  7 worker ants
  A hound zombie (D:7)
  3 worker ant zombies
  13 adders
  3 gnolls (D:5)
  A howler monkey skeleton (D:4)
  3 shadow imps
  An ooze (D:3)
  An adder zombie (D:7)
  4 worms
  4 dart slugs
  6 leopard geckos
  46 orcs
  2 ball pythons
  7 giant cockroaches
  6 hobgoblins
  20 jackals
  2 quokkas
  6 bats
  7 frilled lizards
  5 goblins
  12 kobolds
  27 rats
446 creatures vanquished.

Notes
Turn   | Place    | Note
-------+----------+-------------------------------------------
     0 | D:1      | snakesoul the Gargoyle Berserker began the quest for the Orb.
     0 | D:1      | Reached XP level 1. HP: 14/14 MP: 1/1
   308 | D:1      | Reached XP level 2. HP: 16/19 MP: 2/2
  1049 | D:2      | Reached XP level 3. HP: 24/24 MP: 3/3
  1057 | D:2      | Reached ** piety under Trog
  1496 | D:2      | Reached skill level 4 in Maces & Flails
  1559 | D:2      | Reached XP level 4. HP: 15/29 MP: 4/4
  2306 | D:2      | HP: 1/30 [leopard gecko (2)]
  2685 | D:3      | Reached XP level 5. HP: 34/34 MP: 5/5
  2692 | D:3      | Found an opulent altar of Gozag.
  2742 | D:3      | Reached *** piety under Trog
  2950 | D:3      | Reached skill level 5 in Maces & Flails
  3039 | D:4      | Noticed an ogre
  3051 | D:4      | Killed an ogre
  3051 | D:4      | Reached skill level 5 in Fighting
  3051 | D:4      | Reached XP level 6. HP: 20/40 MP: 6/6
  4027 | D:4      | Received a gift from Trog
  4069 | D:4      | Reached skill level 6 in Maces & Flails
  4185 | D:5      | Entered Level 5 of the Dungeon
  4185 | D:5      | Noticed a sky beast
  4213 | D:5      | Killed a sky beast
  4340 | D:5      | Noticed Duvessa
  4340 | D:5      | Noticed Dowan
  4347 | D:5      | Killed Duvessa
  4347 | D:5      | Reached XP level 7. HP: 45/45 MP: 7/7
  4352 | D:5      | Killed Dowan
  4498 | D:5      | Found a staircase to the Ecumenical Temple.
  4596 | D:5      | Reached skill level 7 in Maces & Flails
  4618 | D:5      | Reached **** piety under Trog
  4642 | D:5      | Noticed Blork the orc
  4655 | D:5      | Killed Blork the orc
  4790 | D:5      | Reached XP level 8. HP: 31/52 MP: 8/8
  5044 | D:5      | Reached skill level 8 in Maces & Flails
  5143 | D:5      | Found a runed door.
  5956 | D:5      | Noticed Crazy Yiuf
  5963 | D:5      | Killed Crazy Yiuf
  6147 | D:6      | Reached skill level 9 in Maces & Flails
  6497 | D:6      | Found Ukeun's Serpentskin Sales.
  6529 | D:6      | Reached XP level 9. HP: 59/59 MP: 9/9
  6609 | D:6      | Found a sacrificial altar of Ru.
  6612 | D:6      | Found a basalt altar of Yredelemnul.
  6615 | D:6      | Found a bloodstained altar of Trog.
  6689 | D:6      | Found a hide-covered altar of Uskayaw.
  6746 | D:7      | Reached skill level 10 in Maces & Flails
  6883 | D:7      | Noticed a hill giant
  6895 | D:7      | Killed a hill giant
  6986 | D:7      | Reached skill level 11 in Maces & Flails
  7378 | D:7      | Reached XP level 10. HP: 49/66 MP: 10/10
  7801 | D:7      | Noticed Menkaure
  7806 | D:7      | Killed Menkaure
  8294 | D:8      | Found a staircase to the Lair.
  8505 | D:8      | Reached skill level 12 in Maces & Flails
  8829 | D:8      | Reached skill level 10 in Fighting
  8908 | D:8      | Noticed a two-headed hydra
  8912 | D:8      | Reached ***** piety under Trog
  8923 | D:8      | Killed a two-headed hydra
  9472 | D:9      | Noticed Leszczynek's ghost (journeyman NaWn)
  9502 | D:9      | Killed Leszczynek's ghost
  9502 | D:9      | Reached skill level 13 in Maces & Flails
  9502 | D:9      | Reached XP level 11. HP: 57/73 MP: 11/11
  9544 | D:9      | Received a gift from Trog
 10209 | D:10     | Entered Level 10 of the Dungeon
 10220 | D:10     | Got a shimmering rapier
 10221 | D:10     | Identified the cursed +0 rapier of Inconvenience {freeze, MR+ Stlth+} (You found it on level 10 of the Dungeon)
 10555 | D:10     | Found a staircase to the Orcish Mines.
 10610 | D:10     | Found a stormy altar of Qazlal.
 11184 | D:11     | Noticed a seven-headed hydra
 11191 | D:11     | Killed a seven-headed hydra
 11204 | D:11     | Reached skill level 5 in Armour
 11375 | D:11     | Noticed a cyan ugly thing
 11390 | D:11     | Killed a cyan ugly thing
 11522 | D:11     | Reached skill level 14 in Maces & Flails
 11628 | D:11     | Found Xunwofem's Jewellery Shoppe.
 11684 | D:11     | Found Xucwug's General Store.
 11703 | D:11     | Noticed Fannar
 11703 | D:11     | Noticed Psyche
 11707 | D:11     | Received a gift from Trog
 11709 | D:11     | Killed Psyche
 11719 | D:11     | Killed Fannar
 12021 | D:11     | Noticed a manticore
 12022 | D:11     | Found Saf Cuda's Gadget Shoppe.
 12035 | D:11     | Killed a manticore
 12224 | D:11     | Found Viqium's Antique Weapon Emporium.
 12366 | D:11     | Reached XP level 12. HP: 80/80 MP: 12/12
 13062 | D:12     | Paralysed by fainting for 12 turns
 13064 | D:12     | Noticed a death knight
 13071 | D:12     | HP: 1/81 [death knight/battleaxe (17)]
 13557 | Lair:1   | Entered Level 1 of the Lair of Beasts
 13591 | Lair:1   | Reached skill level 15 in Maces & Flails
 13864 | Lair:1   | Noticed a six-headed hydra
 13871 | Lair:1   | Killed a six-headed hydra
 14340 | Lair:1   | Noticed anet's ghost (journeyman DEWz)
 14349 | Lair:1   | Killed anet's ghost
 14989 | Lair:2   | Found a staircase to the Shoals.
 15025 | Lair:2   | Noticed Erica
 15033 | Lair:2   | Killed Erica
 15033 | Lair:2   | Reached XP level 13. HP: 87/87 MP: 13/13
 15068 | Lair:2   | Found a hole to the Spider Nest.
 15617 | Lair:2   | Identified 2 scrolls of acquirement
 15667 | Lair:2   | Gained mutation: Your magical capacity is low. (-10% MP) [potion of mutation]
 15667 | Lair:2   | Gained mutation: You have a somewhat thin skeletal structure. (Dex +2, Stealth) [potion of mutation]
 15667 | Lair:2   | Gained mutation: You possess an exceptional clarity of mind. [potion of mutation]
 15794 | Lair:3   | Reached skill level 16 in Maces & Flails
 15856 | Lair:3   | Got a dazzling war axe
 15857 | Lair:3   | Identified the +5 war axe of Zin's Approval {chop, rElec rN+ Str-3} (You found it on level 3 of the Lair of Beasts)
 16021 | Lair:3   | Found a labyrinth entrance.
 16091 | Lab      | Entered a labyrinth
 16713 | Lab      | Noticed a minotaur
 16720 | Lab      | Killed a minotaur
 16723 | Lab      | Identified the Reference Book on Intoxication and Summoning
 16723 | Lab      | Identified the Tome of Intoxication and Beguiling
 16781 | Lab      | Received a gift from Trog
 18863 | Lair:4   | Reached skill level 17 in Maces & Flails
 18863 | Lair:4   | Reached skill level 10 in Armour
 18864 | Lair:4   | HP: 4/132 [bullfrog (5)]
 18869 | Lair:4   | HP: 3/132 [bullfrog (4)]
 18870 | Lair:4   | Mangled by a death yak

Vault maps used:
D:1:      ncdulo_lavacross
D:2:      first_bread, kennysheep_nondescript
D:3:      minmay_strange_pillars, grunt_gozag_breadcrumbs
D:4:      minmay_rat_hole
D:5:      grunt_ministairs_11, uniq_crazy_yiuf_cottage, uniq_blork_the_orc,
          uniq_duvessa
D:6:      grunt_temple_overflow_diamond, basic_altar, guppyfry_shop_venom
D:7:      hangedman_cross_stitches, uniq_menkaure
D:8:      lair_entry_dummy, hangedman_ranch, hangedman_decor_peaks_small
D:10:     hiddenorc1_lemuel, grunt_qazlal_sundering
D:11:     serial_shops, nicolae_shop_statue_plus, shop, nicolae_shop_stone,
          shop, uniq_fannar, uniq_psyche
D:12:     hangedman_decor_growths
Lair:1:   patterned_corridor
Lair:2:   minmay_shoals_entry_centaurs, nicolae_spider_entry_orb_guardian,
          grunt_megastairs_4, uniq_erica
Lair:3:   pond_and_an_island_with_a_cottage, lab_entry_generic, st_stairs_6,
          infiniplex_staircase_pool_2, serial_bayou_shore_b
Lair:5:   minmay_slime_entry_oklob_open, beast_lair_carwin_8, uniq_josephine,
          uniq_kirke
Lab:      labyrinth_hidden_loot, nicolae_lab_do_over, nicolae_lab_diamond,
          labyrinth_lava_lair, nicolae_lab_starburst

Skill      XL: |  1  2  3  4  5  6  7  8  9 10 11 12 13 |
---------------+----------------------------------------+-----
Fighting       | 4 5 6 7 9 10 11 12 13 | 13.6
Maces & Flails | 4 5 6 7 9 11 13 14 15 17 | 17.0
Armour         | 3 6 8 10 | 10.0
Dodging        | |  1.5

Action                   |  1- 3 |  4- 6 |  7- 9 | 10-12 | 13-15 || total
-------------------------+-------+-------+-------+-------+-------++-------
Melee: Mace              |   126 |   244 |   185 |       |       ||   555
       Flail             |       |       |   163 |   288 |       ||   451
       Morningstar       |       |       |       |   182 |       ||   182
       Dire flail        |       |       |       |   304 |   376 ||   680
Throw: Tomahawk          |       |       |       |     1 |    17 ||    18
Invok: Berserk           |     1 |     4 |     6 |    13 |     5 ||    29
       Burn Spellbooks   |       |       |       |     1 |     1 ||     2
Evoke: Wand              |       |       |       |       |     4 ||     4
  Use: Scroll            |     5 |     3 |     5 |     5 |     9 ||    27
       Potion            |       |       |       |       |    13 ||    13
  Eat: Chunk             |     3 |    12 |    15 |    49 |    16 ||    95
       Beef jerky        |       |       |     1 |     3 |       ||     4
       Fruit             |       |       |       |     1 |       ||     1
       Meat ration       |       |       |       |     1 |       ||     1
Armor: Animal skin       |     7 |       |       |       |       ||     7
       Leather armour    |    65 |   101 |    84 |       |       ||   250
       Chain mail        |       |       |   125 |    79 |       ||   204
       Plate armour      |       |       |       |   472 |   218 ||   690
Dodge: Dodged            |    87 |   131 |   145 |   243 |   105 ||   711
